Map: 2000 Atmospheres LE

Players

Kelazhur - Winner!

  • Race: Terran Terran

TerraN

  • Race: Terran Terran

Event: DreamHack SC2 Masters 2021 Fall

VOD

Have the link to the VOD?

Description

Time

  • Played on: July 29, 2021, 4:12 p.m.
  • Length: 7:21
Show
View Real Time Build Order
Export as new Build Order

Kelazhur Terran - Winner!

Build Orders:  

Get SALT Encoding   

  12  0:00  SCV  
  13  0:12  SCV  
  14  0:17  Supply Depot  
  14  0:24  SCV  
  15  0:38  SCV  
  15  0:40  Barracks  
  16  0:43  Refinery  
  16  0:50  SCV  
  16  0:52  Refinery  
  17  1:02  SCV  
  18  1:14  SCV  
  19  1:27  Reaper, Orbital Command  
  19  1:29  Supply Depot  
  20  1:41  Factory  
  20  1:53  SCV  
  21  1:59  Reaper  
  22  2:05  SCV  
  23  2:17  SCV  
  24  2:24  Command Center  
  24  2:27  Hellion  
  24  2:29  SCV  
  27  2:32  Reaper  
  28  2:39  Supply Depot  
  28  2:41  SCV  
  29  2:48  Hellion  
  31  2:57  Starport  
  31  3:00  SCV  
  32  3:06  Barracks Reactor  
  32  3:11  Factory Tech Lab  
  32  3:12  SCV  
  33  3:24  SCV  
  34  3:31  Cyclone  
  34  3:33  Refinery  
  35  3:38  SCV, Orbital Command  
  35  3:39  Starport Tech Lab  
  35  3:44  Marine x2  
  37  3:50  SCV  
  38  3:58  Raven  
  38  4:01  Marine x2  
  38  4:02  SCV  
  43  4:05  SCV  
  43  4:08  Siege Tank  
  47  4:14  SCV  
  48  4:17  Supply Depot, SCV  
  48  4:19  Marine x2  
  51  4:26  SCV  
  51  4:29  SCV  
  51  4:38  SCV  
  51  4:39  Command Center  
  51  4:40  Marine x2  
  51  4:42  SCV  
  51  4:45  Raven  
  57  4:51  Siege Tank  
  60  4:54  Supply Depot, SCV  
  60  4:56  SCV  
  62  5:00  Supply Depot  
  62  5:13  Supply Depot  
  62  5:15  SCV x2  
  63  5:25  Siege Tank  
  63  5:28  SCV x2  
  67  5:35  Refinery  
  67  5:39  Marine  
  67  5:40  SCV, Stimpack, Viking x2  
  67  5:42  SCV  
  74  5:45  Barracks  
  74  5:48  Barracks  
  74  5:51  Orbital Command  
  74  5:52  SCV  
  74  5:56  SCV  
  76  6:05  SCV  
  76  6:08  SCV  
  76  6:09  Siege Tank  
  76  6:10  Viking x2  
  85  6:14  Orbital Command  
  85  6:20  Marine  
  85  6:24  SCV  
  87  6:31  SCV  
  88  6:33  Engineering Bay x2  
  88  6:34  Barracks Reactor  
  88  6:36  SCV  
  89  6:40  Barracks Reactor, Marine  
  89  6:41  SCV  
  89  6:43  SCV  
  92  6:47  Viking x2  
  92  6:48  Siege Tank  
  92  6:50  SCV  
  100  6:54  Supply Depot  
  100  6:56  SCV x2  
  100  6:57  Supply Depot  
  102  7:07  SCV  
Show
View Real Time Build Order
Export as new Build Order

TerraN Terran 

Build Orders: Cyclone Opening 

Get SALT Encoding   

  12  0:00  SCV  
  13  0:12  SCV  
  14  0:17  Supply Depot  
  14  0:24  SCV  
  15  0:39  SCV  
  15  0:40  Barracks  
  16  0:43  Refinery  
  16  0:51  SCV  
  16  0:52  Refinery  
  17  1:03  SCV  
  18  1:15  SCV  
  19  1:28  Reaper, Orbital Command  
  19  1:30  Supply Depot  
  20  1:45  Factory  
  20  1:54  SCV  
  20  2:00  Reaper  
  22  2:06  SCV  
  23  2:18  SCV  
  24  2:28  Factory Tech Lab  
  24  2:31  SCV  
  24  2:32  Barracks Reactor  
  24  2:34  Command Center  
  25  2:43  SCV  
  26  2:44  Supply Depot  
  26  2:49  Cyclone  
  29  2:55  SCV  
  30  3:02  Starport  
  30  3:07  SCV  
  30  3:10  Marine x2  
  32  3:21  SCV, Siege Tank  
  36  3:32  Marine x2  
  38  3:34  SCV  
  39  3:41  Refinery  
  39  3:42  Starport Tech Lab  
  39  3:56  SCV  
  39  3:57  Orbital Command  
  39  4:00  Marine x2  
  42  4:03  Raven  
  42  4:08  SCV  
  45  4:17  Siege Tank  
  45  4:18  Marine x2  
  45  4:20  SCV  
  45  4:22  Supply Depot  
  51  4:25  SCV  
  52  4:32  SCV  
  52  4:37  SCV  
  53  4:40  Marine x2  
  53  4:44  Supply Depot, SCV  
  55  4:46  Raven  
  55  4:49  SCV  
  58  4:56  SCV  
  58  4:57  Siege Tank  
  62  5:05  Refinery, Marine x2  
  62  5:06  SCV, Supply Depot  
  65  5:08  Supply Depot, SCV  
  66  5:18  SCV  
  66  5:20  SCV  
  68  5:25  Command Center  
  68  5:30  SCV  
  68  5:33  SCV  
  68  5:35  Siege Tank  
  73  5:42  SCV  
  74  5:43  Viking x2  
  74  5:45  SCV  
  74  5:46  Marine  
  80  5:54  SCV, Supply Depot  
  81  5:57  SCV  
  82  6:06  SCV  
  82  6:09  SCV  
  83  6:13  Viking  
  83  6:15  Barracks  
  83  6:16  Viking, Barracks  
  87  6:19  Siege Tank  
  90  6:29  SCV  
  90  6:32  Engineering Bay  
  85  6:33  Engineering Bay  
  85  6:35  SCV  
  86  6:41  SCV  
  86  6:44  Marine  
  86  6:45  Barracks  
  88  6:47  Barracks  
  88  6:48  SCV  
  88  6:53  SCV  
  90  7:00  SCV  

Tags
 
Add a new tag
Caveats
  • Supply blocks, unpowered buildings, or Contaminate may cause inaccurate times.
  • Supply counts are checked every 10 seconds.